Map: Acid Plant LE

Players

Snute - Winner!

  • Race: Zerg Zerg
  • Spawn Location: 5:00

Yours

  • Race: Zerg Zerg
  • Spawn Location: 11:00

Event: WCS Leipzig 2018

VOD

Have the link to the VOD?

Description

Time

  • Played on: Jan. 26, 2018, 3 p.m.
  • Length: 7:37

All games in this series

Show
View Real Time Build Order
Export as new Build Order

Snute Zerg - Winner!

Build Orders: Pool First 

Get SALT Encoding   

  12  0:00  Drone  
  13  0:12  Overlord  
  13  0:17  Drone  
  14  0:30  Drone x2  
  14  0:34  Drone  
  17  0:44  Spawning Pool  
  17  0:47  Drone  
  17  1:07  Hatchery  
  17  1:10  Drone  
  17  1:13  Drone  
  17  1:18  Drone, Extractor  
  18  1:31  Queen  
  18  1:32  Zergling x2  
  22  1:41  Spine Crawler, Zergling x2  
  22  1:47  Extractor  
  22  1:49  Zergling x2  
  22  1:56  Extractor  
  22  2:00  Zergling x2  
  24  2:18  Queen  
  24  2:19  Queen  
  25  2:30  Drone x3  
  27  2:41  Overlord  
  27  2:44  Extractor  
  27  2:50  Drone x2  
  27  2:57  Overlord  
  27  3:01  Drone x5  
  32  3:12  Drone  
  33  3:14  Drone  
  34  3:23  Drone x4  
  34  3:24  Drone  
  34  3:26  Drone x3  
  42  3:34  Overlord  
  42  3:37  Drone  
  43  3:48  Hatchery  
  42  3:50  Drone  
  42  3:53  Drone, Extractor  
  42  3:54  Evolution Chamber  
  42  3:56  Drone x2  
  42  3:57  Drone x2  
  42  4:00  Drone x2  
  48  4:03  Drone  
  49  4:11  Overlord  
  49  4:13  Roach Warren  
  48  4:21  Zerg Missile Weapons Level 1  
  48  4:22  Lair, Overlord  
  48  4:23  Drone  
  49  4:26  Drone  
  49  4:27  Drone, Extractor  
  50  4:31  Drone x2  
  50  4:32  Drone  
  50  4:33  Drone  
  50  4:37  Overlord  
  54  4:44  Drone x2  
  56  4:46  Overlord  
  56  4:54  Roach x3  
  56  4:58  Roach  
  64  5:02  Roach  
  64  5:05  Roach  
  68  5:11  Roach  
  68  5:12  Roach x4  
  77  5:15  Drone x3  
  77  5:19  Drone  
  77  5:20  Drone  
  82  5:21  Glial Reconstitution  
  82  5:24  Overlord  
  82  5:32  Drone  
  82  5:33  Drone x4  
  82  5:35  Extractor  
  86  5:37  Extractor  
  86  5:38  Drone x4  
  91  5:43  Roach x2  
  91  5:47  Overlord  
  93  5:52  Roach x2  
  93  5:54  Overlord x3  
  97  6:01  Overlord x2  
  97  6:05  Overlord  
  97  6:06  Roach  
  97  6:07  Roach x3  
  97  6:09  Ravager  
  97  6:11  Overlord  
  106  6:16  Roach x2  
  110  6:21  Roach  
  110  6:22  Roach  
  114  6:26  Roach x3  
  114  6:28  Roach  
  114  6:30  Ravager  
  114  6:32  Roach x2  
  127  6:38  Roach x2  
  127  6:39  Roach  
  133  6:40  Roach  
  133  6:41  Roach  
  133  6:43  Roach  
  133  6:46  Roach  
  133  6:47  Roach  
  143  6:51  Roach x3  
  149  6:54  Roach  
  149  6:55  Roach  
  149  6:57  Roach  
  149  7:00  Roach  
  157  7:03  Roach x2  
  157  7:06  Overlord  
  157  7:07  Overlord  
Show
View Real Time Build Order
Export as new Build Order

Yours Zerg 

Build Orders: Pool First 

Get SALT Encoding   

  12  0:18  Spawning Pool  
  11  0:21  Drone  
  11  0:26  Drone  
  13  0:30  Drone  
  14  0:40  Overlord  
  14  1:05  Zergling x6  
  17  1:15  Zergling x2  
  18  1:18  Hatchery  
  17  1:28  Zergling x2  
  18  1:33  Queen  
  18  1:38  Zergling x2  
  21  1:49  Overlord  
  21  2:00  Drone  
  22  2:09  Drone  
  23  2:16  Queen  
  23  2:22  Drone  
  24  2:30  Drone  
  24  2:36  Queen  
  26  2:40  Drone  
  26  2:42  Drone x2  
  29  2:46  Drone  
  29  2:50  Drone x2  
  31  2:55  Drone x2  
  33  3:07  Drone x2  
  33  3:10  Extractor  
  33  3:12  Extractor  
  33  3:13  Overlord  
  33  3:15  Drone  
  34  3:25  Drone x2  
  36  3:32  Drone  
  36  3:33  Drone x2  
  39  3:36  Drone  
  40  3:43  Drone  
  40  3:47  Drone x3  
  44  3:54  Roach Warren, Evolution Chamber  
  42  3:58  Overlord  
  42  3:59  Lair  
  42  4:00  Drone x2  
  44  4:09  Overlord x2  
  44  4:15  Drone, Extractor  
  44  4:25  Zerg Missile Weapons Level 1  
  44  4:29  Drone x2  
  44  4:30  Drone x3  
  48  4:32  Drone  
  49  4:43  Hatchery  
  48  4:51  Roach x2  
  48  4:52  Roach  
  54  4:58  Roach  
  54  4:59  Drone  
  59  5:00  Drone x2  
  59  5:12  Overlord  
  59  5:14  Glial Reconstitution  
  59  5:15  Drone  
  59  5:26  Overseer  
  59  5:27  Overlord x2  
  59  5:31  Drone x4  
  63  5:46  Drone x5  
  63  5:49  Extractor  
  67  5:50  Roach  
  67  5:54  Roach x2  
  73  5:58  Roach x3  
  79  6:09  Drone x2  
  79  6:10  Drone  
  82  6:13  Drone  
  82  6:17  Roach  
  82  6:18  Roach x2  
  89  6:19  Overlord x2  
  89  6:24  Extractor  
  88  6:27  Drone x2  
  88  6:28  Overlord x2  
  88  6:29  Overlord  
  90  6:40  Drone x4  
  90  6:41  Hatchery  
  90  6:42  Drone  
  90  6:43  Drone  
  90  6:46  Roach x2  
  90  6:47  Ravager x3, Roach  
  101  6:48  Ravager  
  101  6:49  Roach  
  107  6:57  Hatchery, Roach x3  
  107  6:58  Roach  
  114  7:04  Roach  
  114  7:08  Roach x2  
Tags
 
Add a new tag
Caveats
  • Supply blocks, unpowered buildings, or Contaminate may cause inaccurate times.
  • Supply counts are checked every 10 seconds.